Map: Ephemeron LE

Players

Gerald

  • Race: Protoss Protoss
  • Spawn Location: 11:00

Zanster - Winner!

  • Race: Zerg Zerg
  • Spawn Location: 5:00

VOD

Have the link to the VOD?

Description

Time

  • Played on: Sept. 6, 2019, 4:45 p.m.
  • Length: 13:28
Show
View Real Time Build Order
Export as new Build Order

Gerald Protoss 

Build Orders: 1 Gate Expand, Oracle Opening, Archon Immortal, Archon Drop 

Get SALT Encoding   

  12  0:00  Probe  
  13  0:13  Probe  
  14  0:19  Pylon  
  14  0:25  Probe  
  14  0:28  Assimilator  
  15  0:35  Probe  
  16  0:43  Probe  
  16  0:45  Gateway  
  17  0:51  Probe  
  18  1:04  Probe  
  19  1:16  Probe  
  20  1:23  Nexus  
  21  1:37  Cybernetics Core  
  21  1:39  Probe  
  21  1:43  Assimilator  
  21  1:51  Probe  
  22  1:55  Pylon  
  22  2:03  Probe  
  22  2:07  Adept  
  23  2:14  Stargate  
  23  2:15  Probe  
  26  2:27  Warp Gate, Adept  
  26  2:28  Probe  
  27  2:36  Probe  
  28  2:40  Probe  
  31  2:48  Probe  
  31  2:49  Oracle  
  32  2:52  Probe  
  33  3:00  Probe  
  33  3:04  Probe  
  39  3:12  Probe  
  39  3:16  Probe  
  39  3:17  Stalker  
  39  3:19  Gateway  
  42  3:25  Probe  
  43  3:28  Probe  
  43  3:30  Pylon  
  43  3:33  Assimilator  
  44  3:35  Assimilator  
  44  3:37  Probe  
  44  3:40  Probe  
  46  3:42  Robotics Facility  
  46  3:49  Probe  
  46  3:52  Probe  
  48  4:01  Probe  
  48  4:02  Oracle  
  44  4:04  Probe  
  45  4:11  Twilight Council  
  45  4:13  Probe  
  45  4:16  Probe  
  50  4:18  Pylon  
  50  4:23  Gateway  
  50  4:26  Zealot  
  50  4:27  Gateway  
  50  4:29  Pylon  
  53  4:33  Adept  
  53  4:36  Probe x2  
  56  4:48  Templar Archives  
  56  4:49  Charge  
  56  4:50  Gateway  
  56  4:52  Gateway  
  56  4:57  Warp Prism  
  54  5:03  Probe  
  54  5:06  Pylon  
  55  5:08  Zealot  
  57  5:32  Nexus  
  57  5:33  Pylon, Probe x2  
  59  5:39  Immortal  
  63  5:51  High Templar x3  
  63  5:52  Zealot x2, High Templar  
  63  5:53  Probe  
  63  5:56  Archon x2  
  76  5:57  Shield Battery  
  76  6:00  Forge  
  76  6:05  Probe  
  76  6:07  Pylon  
  76  6:11  Probe  
  78  6:15  Psionic Storm  
  78  6:17  Probe, Protoss Ground Weapons Level 1  
  79  6:23  Probe  
  79  6:24  Immortal  
  84  6:29  Probe  
  85  6:35  Probe  
  85  6:36  Pylon  
  86  6:41  Probe  
  87  6:47  Probe  
  89  6:58  Zealot x2, High Templar  
  89  6:59  Probe, Zealot x3  
  99  7:03  Immortal, Assimilator  
  99  7:04  Assimilator  
  99  7:06  Probe  
  104  7:08  Probe  
  104  7:14  Probe  
  105  7:18  Probe  
  105  7:20  Probe  
  107  7:23  High Templar x2  
  107  7:24  Zealot x3  
  107  7:27  Probe  
  107  7:28  Pylon  
  107  7:29  Pylon  
  114  7:30  Probe  
  114  7:33  Pylon x2  
  114  7:35  Pylon  
  115  7:38  Gateway  
  115  7:42  Gateway  
  115  7:44  Pylon  
  115  7:49  Observer  
  115  7:50  Zealot, High Templar x2  
  115  7:51  Zealot  
  124  7:52  Probe  
  124  7:56  Pylon  
  124  7:58  Zealot, High Templar  
  129  7:59  Protoss Ground Weapons Level 2  
  129  8:02  Photon Cannon  
  129  8:08  Probe  
  130  8:17  Immortal, Blink  
  134  8:20  Zealot x3  
  140  8:29  Pylon  
  140  8:35  Zealot x3  
  140  8:36  Zealot  
  140  8:41  Zealot x2  
  138  8:51  Zealot x2  
  138  8:55  Archon  
  132  8:59  High Templar x3  
  132  9:00  Immortal, Zealot  
  138  9:06  Pylon, Nexus  
  142  9:24  Zealot x2, High Templar x2  
  144  9:25  Pylon, Zealot  
  144  9:27  Probe  
  153  9:35  Archon, Assimilator  
  153  9:37  High Templar x2, Stalker  
  159  9:39  Assimilator  
  159  9:40  Observer  
  159  9:41  Archon  
  159  9:42  Photon Cannon  
  152  9:57  Stalker  
  152  9:58  Stalker x4  
  152  10:14  Immortal  
  146  10:23  Zealot x4  
  144  10:29  Probe  
  144  10:31  Stalker x2  
  119  10:57  Nexus  
  119  11:01  High Templar x3  
  119  11:02  Probe x2  
  127  11:06  Probe  
  128  11:14  Probe  
  129  11:24  Immortal  
  129  11:28  Zealot x5  
  139  11:33  Probe  
  144  11:42  High Templar x2  
  144  11:43  Zealot  
  150  11:51  Pylon  
  142  12:01  Archon  
  142  12:03  Observer  
  142  12:05  Zealot x4  
  142  12:06  Zealot x2  
  128  12:17  Archon  
  128  12:19  Zealot x2, Archon  
  128  12:21  Probe x2  
  118  12:29  Observer  
  92  12:39  Zealot x5  
  92  12:40  Zealot x2  
  100  12:49  Probe  
  88  13:00  Zealot x7  
Show
View Real Time Build Order
Export as new Build Order

Zanster Zerg - Winner!

Build Orders: Hatch First, Lurkers, Roach Hydra 

Get SALT Encoding   

  12  0:00  Drone  
  13  0:12  Overlord  
  13  0:17  Drone  
  14  0:30  Drone x2  
  16  0:49  Hatchery  
  15  0:52  Drone  
  15  0:55  Drone  
  17  0:59  Drone  
  18  1:08  Extractor  
  17  1:15  Spawning Pool  
  17  1:17  Drone  
  17  1:20  Drone  
  18  1:28  Drone  
  19  1:38  Drone  
  20  1:50  Drone  
  21  2:01  Queen x2  
  21  2:02  Overlord  
  21  2:03  Zergling x2  
  26  2:09  Metabolic Boost  
  26  2:12  Drone  
  26  2:13  Zergling x2  
  28  2:23  Drone x2  
  30  2:35  Hatchery  
  30  2:36  Drone  
  30  2:39  Drone  
  31  2:48  Queen  
  31  2:49  Drone  
  34  2:52  Overlord  
  34  3:00  Zergling x2  
  34  3:01  Zergling x2  
  36  3:15  Drone x8  
  44  3:20  Overlord  
  44  3:25  Overlord  
  44  3:33  Spore Crawler  
  43  3:44  Drone x9  
  43  3:47  Drone  
  48  4:02  Drone x4  
  51  4:04  Overlord  
  51  4:07  Drone  
  51  4:11  Spore Crawler  
  51  4:12  Spore Crawler  
  49  4:18  Zergling x6  
  49  4:23  Zergling x6  
  55  4:24  Spore Crawler  
  55  4:27  Zergling x6  
  57  4:32  Lair  
  57  4:36  Extractor  
  57  4:38  Extractor  
  55  4:43  Drone  
  56  4:48  Overlord  
  56  4:50  Drone x9  
  64  4:54  Drone x2  
  64  4:56  Drone  
  63  5:05  Drone x3  
  65  5:07  Drone x2  
  65  5:09  Drone  
  65  5:10  Roach Warren, Extractor  
  65  5:14  Overlord  
  66  5:19  Drone  
  66  5:20  Drone  
  68  5:26  Drone  
  69  5:29  Overlord  
  69  5:34  Hydralisk Den  
  68  5:36  Overseer, Hatchery  
  67  5:50  Roach x9  
  67  5:51  Glial Reconstitution  
  67  5:55  Evolution Chamber  
  67  5:56  Overlord  
  84  5:58  Extractor  
  84  5:59  Extractor  
  84  6:02  Roach x2  
  84  6:03  Roach  
  88  6:05  Overlord  
  88  6:10  Muscular Augments  
  88  6:16  Drone x6  
  94  6:20  Drone  
  94  6:22  Roach  
  97  6:29  Overlord  
  97  6:31  Drone  
  97  6:32  Zerg Missile Weapons Level 1, Drone  
  99  6:34  Overlord  
  99  6:36  Hydralisk x3  
  99  6:39  Drone  
  106  6:41  Overlord x4  
  106  6:50  Hydralisk x4  
  106  6:53  Queen  
  107  7:04  Drone  
  107  7:05  Drone x9  
  117  7:21  Drone x7  
  117  7:22  Drone  
  124  7:24  Grooved Spines  
  124  7:26  Overlord  
  124  7:36  Pneumatized Carapace  
  122  7:39  Overlord  
  122  7:40  Overlord, Hydralisk x6  
  122  7:42  Hydralisk  
  136  7:44  Hydralisk  
  136  7:47  Hydralisk  
  136  7:48  Hydralisk  
  142  7:54  Lurker Den  
  142  7:55  Hydralisk x2  
  145  8:00  Overlord, Extractor  
  144  8:14  Roach x11  
  166  8:21  Roach x2  
  166  8:22  Roach x2  
  166  8:26  Overseer  
  174  8:27  Zerg Missile Weapons Level 2  
  174  8:30  Extractor  
  174  8:33  Overlord  
  173  8:34  Roach  
  173  8:35  Roach x4  
  173  8:36  Overlord  
  168  8:49  Roach x6  
  168  9:02  Roach x7  
  182  9:13  Roach x7  
  196  9:24  Overlord  
  196  9:28  Lurker x3  
  199  9:35  Overseer  
  199  9:36  Overseer  
  199  10:02  Hatchery  
  199  10:07  Hydralisk x3  
  194  10:18  Hydralisk  
  194  10:19  Hydralisk x2  
  182  10:35  Hydralisk x22  
  158  10:41  Hydralisk x4  
  182  10:45  Hydralisk  
  182  10:46  Roach  
  182  10:48  Queen  
  175  10:54  Roach x4  
  183  10:58  Roach x3  
  189  11:14  Roach x5  
  196  11:26  Zerg Ground Armor Level 1  
  196  11:29  Infestation Pit  
  196  11:30  Lurker x4  
  189  12:07  Hydralisk  
  189  12:08  Roach x13  
  187  12:19  Roach x8  
  163  12:30  Roach  
  163  12:31  Roach x7  
  169  12:40  Roach x5  
  169  12:42  Roach x2  
  179  12:45  Spire  
  179  12:49  Hydralisk  
  178  12:57  Roach x5  
  186  13:07  Roach x2  
  186  13:08  Roach x5  
  186  13:09  Roach  
Tags
 
Add a new tag
Caveats
  • Supply blocks, unpowered buildings, or Contaminate may cause inaccurate times.
  • Supply counts are checked every 10 seconds.